 Dungeon Crawl Stone Soup version 0.28.0-47-ge53b351184 (webtiles) character file.

Game seed: 4789321216805575141

54 Exodus22XD the Magician (level 3, -6/19 HPs)
             Began as a Deep Elf Conjurer on Apr 28, 2022.
             Mangled by Crazy Yiuf
             ... wielding a +4 quarterstaff of chaos
              (14 damage)
             ... on level 2 of the Dungeon.
             The game lasted 00:03:02 (1898 turns).

Exodus22XD the Magician (Deep Elf Conjurer)         Turns: 1898, Time: 00:03:07

Health: -6/19      AC:  6    Str:  4    XL:     3   Next: 66%
Magic:  7/12       EV: 12    Int: 24    God:
Gold:   49         SH:  0    Dex: 13    Spells: 10/13 levels left

rFire   . . .      SeeInvis .   i - +0 dagger
rCold   + . .      Faith    .   (no shield)
rNeg    . . .      Spirit   .   f - +2 robe {rC+}
rPois   .          Reflect  .   (no helmet)
rElec   .          Harm     .   g - +1 cloak
rCorr   .          Rampage  .   (no gloves)
Will    .....                   (no boots)
Stlth   ++........              (no amulet)
HPRegen 0.06/turn               (no ring)
MPRegen 0.13/turn               (no ring)

@: no status effects
A: no striking features
a: no special abilities


You were on level 2 of the Dungeon.
You visited 1 branch of the dungeon, and saw 2 of its levels.

You collected 49 gold pieces.

Inventory:

Hand Weapons
 i - a +0 dagger (weapon)
Armour
 f - a +2 robe of cold resistance (worn)
 g - a +1 cloak (worn)
Scrolls
 b - a scroll of summoning {unknown}
 d - a scroll of magic mapping
Potions
 c - 3 potions of curing
 e - a potion of brilliance
 h - 2 potions of heal wounds


   Skills:
 - Level 2.4 Dodging
 - Level 2.4 Stealth
 + Level 5.6 Spellcasting
 - Level 4.3 Conjurations


You had 10 spell levels left.
You knew the following spells:

 Your Spells              Type           Power      Damage    Failure   Level
a - Magic Dart            Conj           100%       1d8       1%          1
b - Searing Ray           Conj           54%        2d6       1%          2

Your spell library contained the following spells:

 Spells                   Type           Power      Damage    Failure   Level
 Dazzling Flash           Conj/Hex       34%        N/A       10%         3
 Fulminant Prism          Conj/Hex       8%         3d7       32%         4
 Iskenderun's Mystic Bla  Conj/Tloc      17%        2d5       32%         4


Dungeon Overview and Level Annotations

Branches:
Dungeon (2/15)

Altars:

Shops:
D:2 !

Annotations:
D:2 Crazy Yiuf


Message History

Found 20 stones.
The goblin shouts!
There is an open door here.
Casting: Magic Dart (safe; 1% risk of failure)
Confirm with . or Enter, or press ? or * to list all spells.
Aiming: Magic Dart (safe; 1% risk of failure)
Press: ? - help, Shift-Dir - straight line, f - goblin
Aim: a goblin, wielding a +0 club (100% to hit)
The magic dart hits the goblin.
You kill the goblin!
You open the door.
Found a glowing quarterstaff.
There is an open door here.
You see here a +1 spectral quarterstaff.
Found a stone staircase leading down.
There is a stone staircase leading down here.
Found a mace.
Found a runed translucent door.
Press: ? - help, v - describe, . - travel A stone wall.
You open the door.
Casting: Magic Dart (safe; 1% risk of failure)
Confirm with . or Enter, or press ? or * to list all spells.
Aiming: Searing Ray (safe; 1% risk of failure)
Press: ? - help, Shift-Dir - straight line, f - Crazy Yiuf
Aim: Crazy Yiuf, wielding a +4 quarterstaff of chaos and wearing a +0 cloak (asleep, 100% to hit)
The searing ray hits Crazy Yiuf.
Crazy Yiuf is moderately wounded.
Crazy Yiuf shouts! (Press . to maintain the ray.)
The searing ray hits Crazy Yiuf.
Crazy Yiuf is moderately wounded.
Crazy Yiuf screams, "Paint blue tea!"
The searing ray misses Crazy Yiuf.
The searing ray misses Crazy Yiuf.
You finish channelling your searing ray.
Crazy Yiuf hits you with a +4 quarterstaff of chaos!
Ouch! That really hurt!
You are electrocuted!
Ouch! That really hurt!
You die...

##.# #.##.# #...
### #.##.# #.##
#.##.# #.## #####
#.##.# #.## #)..#
#.##.###.## #...#
#.##...#..# ...
##.####.#..' #g#
#.....#.#.## ♣@♣♣
##.##.#.#.## ♣♣.♣
#.##.#.#.# ♣.♣♣
#.##.#.#.# ♣♣.♣
#.##.#.#.## ♣♣.♣♣
#.##(#.#.#. ♣♣...♣
#.##.#.#.#. ♣....♣
##.##.#....# #+..+#
#..##.###..#
#....###...#...#...


You could see Crazy Yiuf.

Vanquished Creatures
  Jessica (D:2)
  4 bats
  3 endoplasms
  A giant cockroach (D:1)
  4 goblins
  A hobgoblin (D:2)
  4 kobolds
  A quokka (D:1)
  2 ball pythons
  4 rats
25 creatures vanquished.

Notes
Turn   | Place    | Note
-------+----------+-------------------------------------------
     0 | D:1      | Exodus22XD the Deep Elf Conjurer began the quest for the
                  | Orb.
     0 | D:1      | Reached XP level 1. HP: 10/10 MP: 6/6
   441 | D:1      | Reached skill level 4 in Spellcasting
   441 | D:1      | Reached XP level 2. HP: 15/15 MP: 6/9
   516 | D:1      | Learned a level 2 spell: Searing Ray
   762 | D:1      | Found a faded altar of an unknown god.
  1484 | D:2      | Noticed Jessica
  1486 | D:2      | Killed Jessica
  1487 | D:2      | Reached skill level 5 in Spellcasting
  1487 | D:2      | Reached XP level 3. HP: 19/19 MP: 7/12
  1568 | D:2      | Found Gyfoalig's Distillery.
  1890 | D:2      | Found a runed translucent door.
  1891 | D:2      | Noticed Crazy Yiuf
  1898 | D:2      | Mangled by Crazy Yiuf

Illustrated notes

Levels and vault maps discovered:
D:1:      minmay_arrival_widening_spiral_wide, layout_basic,
          shapermc_ecumenical_altar_pompeii, minmay_tiny_reverse_x
D:2:      layout_basic, serial_shops, nicolae_shop_trees, grunt_ministairs_13,
          serial_park_tiny_2, chequers_serial_rivers_room_b, amethyst_killhole,
          chequers_serial_rivers_micro_a, uniq_jessica, uniq_crazy_yiuf_cottage

Skill      XL: |  1  2 |
---------------+-------+-----
Spellcasting   | 4 5 |  5.6
Dodging        | |  2.4
Stealth        | |  2.4
Conjurations   | |  4.3

Action                   || total
-------------------------++-------
 Cast: Magic Dart        ||    43
       Searing Ray       ||     2
  Use: Scroll            ||     5
Armor: Robe              ||     1
Dodge: Dodged            ||     4
